 Dungeon Crawl Stone Soup version 0.18-a0-1628-g61c6396 (webtiles) character file.

200 Espgualade the Skirmisher (level 5, -6/35 HPs)
             Began as a Tengu Ice Elementalist on Mar 25, 2016.
             Killed by nerve-wracking pain
             ... invoked by an orc priest
              (12 damage)
             ... on level 4 of the Dungeon.
             The game lasted 00:11:20 (3558 turns).

Espgualade the Skirmisher (Tengu Ice Elementalist)  Turns: 3558, Time: 00:11:20

Health: -6/35      AC:  3    Str: 13    XL:     5   Next: 78%
Magic:  7/9        EV: 18    Int: 16    God:
Gold:   151        SH:  0    Dex: 19    Spells: 3 memorised, 2 levels left

rFire  . . .     SeeInvis .     e - +0 spear
rCold  . . .     Gourm    .     a - +0 robe
rNeg   . . .     Faith    .     (no shield)
rPois  .         Spirit   .     (helmet restricted)
rElec  .         Dismiss  .     n - +0 cloak (curse)
rCorr  .         Reflect  .     (no gloves)
SustAt .         Harm     .     (boots unavailable)
MR     .....     Rnd*Tele +     (no amulet)
Stlth  +++.......               f - ring of teleportation (curse)
                                h - +4 ring of strength

@: agile, very slightly contaminated, not resistant to hostile enchantments,
fairly stealthy
A: beak, talons 3, able to fly 1
a: Fly


You were on level 4 of the Dungeon.
You were hungry.

You visited 1 branch of the dungeon, and saw 4 of its levels.

You collected 151 gold pieces.

Inventory:

Hand Weapons
 e - a +0 spear (weapon)
 g - a +4 mace of holy wrath
Armour
 a - a +0 robe (worn)
 i - a +0 large shield
 n - a cursed +0 cloak (worn)
Jewellery
 f - a cursed ring of teleportation (right hand)
 h - a +4 ring of strength (left hand)
Scrolls
 j - a scroll of remove curse {unknown}
 l - 2 scrolls of random uselessness
 o - 2 scrolls of fear {unknown}
 p - a scroll of teleportation {unknown}
 q - a scroll of amnesia {unknown}
Potions
 d - a potion of curing
 r - a potion of flight {unknown}
 s - a potion of mutation {unknown}
Books
 b - a book of Frost

   Spells                             Type                      Level
   a - Freeze                         Ice                          1
   b - Throw Frost                    Conjuration/Ice              2
   c - Ozocubu's Armour               Charms/Ice                   3
   d - Throw Icicle                   Conjuration/Ice              4
   e - Summon Ice Beast               Ice/Summoning                4
Comestibles
 c - a bread ration
 k - a royal jelly
 u - a meat ration


   Skills:
 - Level 5.3 Fighting
 + Level 2.1 Dodging
 - Level 2.0 Stealth
 - Level 2.0 Spellcasting
 + Level 1.5 Conjurations
 - Level 2.6 Ice Magic


You had 2 spell levels left.
You knew the following spells:

 Your Spells              Type           Power        Failure   Level  Hunger
a - Freeze                Ice            ##..         10%         1    #......
b - Throw Frost           Conj/Ice       #.....       14%         2    ###....
c - Ozocubu's Armour      Chrm/Ice       #.......     38%         3    ###....


Dungeon Overview and Level Annotations

Branches:
Dungeon (4/15)
 Temple: D:4-7

Altars:
Ru

Annotations:
D:3 waywinkle's ghost, novice MfIE
D:4 JamPaladin's ghost, novice DDFi


Innate Abilities, Weirdness & Mutations

You have a beak for a mouth.
You have claws for feet.
You can fly.


Message History

The orc priest miscasts a cantrip.
The orc priest casts a cantrip, but nothing happens.
You see here a falchion.
Casting: Freeze
Confirm with . or Enter, or press ? or * to list all spells.
Aiming: Freeze
Press: ? - help, Shift-Dir - straight line, f - orc priest
Aim: an orc priest, wielding a club You freeze the orc priest.
The orc priest is moderately wounded.
The orc priest calls down the wrath of Beogh upon you.
Beogh smites you!
* * * LOW HITPOINT WARNING * * *
The orc priest closely misses you.
The orc priest casts a cantrip, but nothing happens.
You hit the orc priest. You claw the orc priest.
The orc priest is moderately wounded.
The orc priest calls down the wrath of Beogh upon you.
Pain shoots through your body!
You die...

##.............#
#..............#
#..............#
#..............#
#.............##
#.............#
##............##
####............##
..........@>....##
...#####.o##...##
# ## #...##### ##
##o.## ##. ##..##
##.o #...## ##..#
##...#########..#.
##.....o.o....##.
############.# #


You could see 2 orc priests.

Vanquished Creatures
  A hound (D:4)
  Terence (D:3)
  A worker ant (D:4)
  A hound skeleton (D:4)
  4 adders
  An ooze (D:2)
  3 worms
  3 dart slugs
  3 giant geckos (D:2)
  3 orcs
  6 bats
  A giant cockroach (D:4)
  4 goblins
  4 hobgoblins
  2 jackals (D:1)
  2 quokkas
  3 giant newts
  8 kobolds
  5 rats
56 creatures vanquished.

Notes
Turn   | Place    | Note
--------------------------------------------------------------
     0 | D:1      | Espgualade the Tengu Ice Elementalist began the quest for the Orb.
     0 | D:1      | Reached XP level 1. HP: 10/10 MP: 4/4
   153 | D:1      | Reached skill level 1 in Fighting
   260 | D:1      | Reached XP level 2. HP: 12/16 MP: 3/6
   681 | D:1      | Reached skill level 2 in Fighting
   910 | D:1      | Learned a level 2 spell: Throw Frost
   983 | D:2      | Reached XP level 3. HP: 19/22 MP: 4/7
  1185 | D:2      | Reached skill level 3 in Fighting
  1537 | D:2      | Reached XP level 4. HP: 28/28 MP: 5/8
  1830 | D:2      | Learned a level 3 spell: Ozocubu's Armour
  2086 | D:3      | Noticed waywinkle's ghost (novice MfIE)
  2368 | D:3      | Noticed Terence
  2390 | D:3      | Killed Terence
  2390 | D:3      | Reached skill level 4 in Fighting
  2645 | D:3      | Gained mutation: You can fly. [Tengu growth]
  2645 | D:3      | Reached XP level 5. HP: 28/34 MP: 7/9
  2994 | D:4      | Found a sacrificial altar of Ru.
  3001 | D:4      | Noticed JamPaladin's ghost (novice DDFi)
  3238 | D:4      | Reached skill level 5 in Fighting
  3558 | D:4      | Killed from afar by an orc priest

Vault maps used:
D:1:      dpeg_arrival_windows_large_door, minivault_23
D:2:      minmay_misc_feat_rows
D:3:      uniq_terence
D:4:      first_bread, st_stairs_8, nicolae_ru_sacrificial_ziggurat, uniq_pikel

Skill      XL: |  1  2  3  4  5 |
---------------+----------------+-----
Fighting       | 1 2 3 4 5 |  5.3
Dodging        | |  2.1
Stealth        | |  2.0
Spellcasting   | |  2.0
Conjurations   | |  1.5
Ice Magic      | |  2.6

Action                   |  1- 3 |  4- 6 || total
-------------------------+-------+-------++-------
Melee: Unarmed           |     2 |       ||     2
       Spear             |    26 |    83 ||   109
 Cast: Freeze            |    39 |    36 ||    75
  Use: Scroll            |       |     5 ||     5
       Potion            |       |     4 ||     4
 Stab: Distracted        |     1 |       ||     1
       Sleeping          |     1 |     2 ||     3
  Eat: Chunk             |     2 |     7 ||     9
